 Dungeon Crawl Stone Soup version 0.30-a0-879-ga8ba668304 (webtiles) character file.

Game seed: 281554791475178624

308 OrthodoxDeviant the Firebug (level 6, 0/31 (32) HPs)
             Began as a Tengu Fire Elementalist on Mar 13, 2023.
             Slain by a wight
             ... wielding a +2 great sword
              (19 damage)
             ... on level 6 of the Dungeon.
             The game lasted 00:17:55 (2810 turns).

OrthodoxDeviant the Firebug (TeFE)                  Turns: 2810, Time: 00:17:55

HP:   0/31 (32)     AC:  7    Str:  8    XL:     6   Next: 40%
MP:   9/11          EV: 19    Int: 18    God:
Gold: 169           SH:  0    Dex: 14    Spells: 8/11 levels left

rFire   . . .      SeeInvis .    f - +0 rapier
rCold   . . .      Faith    .    (no shield)
rNeg    . . .      Spirit   .    k - +1 robe {Will+}
rPois   .          Reflect  .    (helmet restricted)
rElec   .          Rampage  .    (no cloak)
rCorr   .                        (no gloves)
Will    +....                    (boots unavailable)
Stlth   ++                       (no amulet)
HPRegen 0.25/turn                l - +5 ring of evasion
MPRegen 0.12/turn                m - +4 ring of protection

@: flying quickly and evasively, lightly drained, quick
A: beak, talons 3, nimble flight
a: no special abilities


You were on level 6 of the Dungeon.
You visited 1 branch of the dungeon, and saw 6 of its levels.

You collected 169 gold pieces.

Inventory:

Hand Weapons
 f - a +0 rapier (weapon)
Missiles
 e - 2 throwing nets
 n - 5 curare-tipped darts
Armour
 k - a +1 robe of willpower (worn)
Jewellery
 l - a +5 ring of evasion (left hand)
 m - a +4 ring of protection (right hand)
Scrolls
 c - a scroll of teleportation
 i - a scroll of enchant weapon
Potions
 b - a potion of magic
 d - a potion of flight {unknown}
 g - 3 potions of might
 h - a potion of heal wounds
 j - a potion of haste {unknown}
 o - a potion of curing {unknown}


   Skills:
 - Level 2.1 Dodging
 - Level 2.0 Stealth
 + Level 3.1 Spellcasting
 * Level 5.2 Conjurations
 * Level 5.5 Fire Magic


You had 8 spell levels left.
You knew the following spells:

 Your Spells              Type           Power      Damage    Failure   Level
a - Foxfire               Conj/Fire      88%        2x1d8     1%          1
b - Scorch                Fire           44%        2d7       2%          2

Your spell library contained the following spells:

 Spells                   Type           Power      Damage    Failure   Level
 Shock                    Conj/Air       48%        1d6       5%          1
 Inner Flame              Hex/Fire       12%        N/A       16%         3
 Flame Wave               Conj/Fire      22%        2d8       17%         4
 Sticky Flame             Conj/Fire      22%        2d4       17%         4
 Kindle Blastsparks       Fire/Tloc/Air  18%        2d11      22%         3
 Ensorcelled Hibernation  Hex/Ice        4%         N/A       24%         2
 Spider Form              Tmut/Pois      2%         N/A       43%         3
 Swiftness                Air            2%         N/A       43%         3
 Fireball                 Conj/Fire      11%        3d7       43%         5
 Airstrike                Air            1%         2d(1-17)  85%         4
 Anguish                  Hex/Necr       1%         N/A       85%         4
 Statue Form              Tmut/Erth      1%         N/A       100%        6


Dungeon Overview and Level Annotations

Branches:
Dungeon (7/15)
 Temple: D:4-7

Altars:
Ashenzari
Nemelex Xobeh
Uskayaw


Innate Abilities, Weirdness & Mutations

You have a beak for a mouth.
You have claws for feet.
Your magical nature lets you fly swiftly and evasively.


Message History

Casting: Scorch (safe; 2% risk of failure)
Confirm with . or Enter, or press ? or * to list all spells.
Flames lash the wight.
The wight is moderately damaged.
The wight's fire resistance burns away.
The wight completely misses you.
Unknown command.
Unknown command.
Unknown command.
Casting: Scorch (safe; 2% risk of failure)
Confirm with . or Enter, or press ? or * to list all spells.
Flames lash the wight.
The wight is burned terribly!
You destroy the wight!
Unknown command.
Unknown command.
Things that are here:
a +0 battleaxe; a +1 robe of willpower
k - a +1 robe of willpower
There is a stone staircase leading up here.
You start removing your armour.
You continue taking off your +0 robe. x4
You finish taking off your +0 robe.
You start putting on your armour.
You continue putting on your +1 robe of willpower. x5
You finish putting on your +1 robe of willpower.
You feel strong-willed.
Unknown command.
You drop a +0 robe.
You start resting.
Magic restored.
You fly upwards.
The wight hits you with a +2 great sword!
You feel drained. The wight misses you.
There is a stone staircase leading down here.
Casting: Scorch (safe; 2% risk of failure)
Confirm with . or Enter, or press ? or * to list all spells.
Flames lash the wight.
The wight is moderately damaged.
The wight's fire resistance burns away.
The wight hits you with a +2 great sword!!
Ouch! That really hurt!
You die...

.. .. .# .#
.## [.#
##..# #@z.#
..........#
.....#.).##
.... ....#
..# .#...#
. .###...
.# #... ..
....#


You could see a wight (combustible).

Vanquished Creatures
  2 wights
  Natasha (thrice) (D:2)
  3 adders
  4 gnolls (D:2)
  2 worms (D:2)
  A dart slug (D:1)
  3 orcs
  6 ball pythons
  6 bats
  2 endoplasms (D:3)
  A giant cockroach (D:1)
  9 goblins
  5 hobgoblins
  3 quokkas
  2 frilled lizards (D:1)
  3 kobolds
  5 rats
60 creatures vanquished.

Vanquished Creatures (others)
  130 foxfires
  2 plants (D:3)
132 creatures vanquished.

Grand Total: 192 creatures vanquished

Notes
Turn   | Place    | Note
-------+----------+-------------------------------------------
     0 | D:1      | OrthodoxDeviant the Tengu Fire Elementalist began the quest
                  | for the Orb.
     0 | D:1      | Reached XP level 1. HP: 10/10 MP: 4/4
   214 | D:1      | Reached XP level 2. HP: 15/15 MP: 4/6
   885 | D:1      | Learned a level 2 spell: Scorch
  1006 | D:2      | Reached XP level 3. HP: 19/19 MP: 1/7
  1281 | D:2      | Reached XP level 4. HP: 24/24 MP: 4/8
  1392 | D:2      | Noticed Natasha
  1399 | D:2      | Killed Natasha
  1681 | D:2      | Got the Parchment of Pyromania and the Mountains
  1748 | D:2      | Gained mutation: Your magical nature lets you fly swiftly
                  | and evasively. [Tengu growth]
  1748 | D:2      | Reached XP level 5. HP: 28/28 MP: 6/10
  1790 | D:2      | Noticed Natasha
  1801 | D:2      | Killed Natasha
  1815 | D:2      | Noticed Natasha
  1834 | D:2      | Killed Natasha
  2033 | D:3      | Found a broken altar of Ashenzari.
  2035 | D:3      | Found a hide-covered altar of Uskayaw.
  2035 | D:3      | Found a sparkling altar of Nemelex Xobeh.
  2106 | D:3      | Noticed a shining eye
  2114 | D:3      | Found a faded altar of an unknown god.
  2115 | D:3      | Noticed a great orb of eyes
  2121 | D:3      | Noticed a great orb of eyes
  2145 | D:3      | Noticed a golden eye
  2192 | D:3      | Reached skill level 5 in Fire Magic
  2611 | D:4      | You are sucked into a shaft and drop 3 floors!
  2700 | D:6      | Reached skill level 5 in Conjurations
  2700 | D:6      | Reached XP level 6. HP: 32/32 MP: 2/11
  2810 | D:6      | Slain by a wight

Illustrated notes

Levels and vault maps discovered:
D:1:      dpeg_arrival_pond, layout_loops_ring
D:2:      layout_rooms, uniq_natasha
D:3:      layout_rooms, gammafunk_temple_overflow_forgotten,
          hellmonk_ecumenical_altar_watching_god, minmay_goblin_outpost
D:4:      layout_loops_corners, nicolae_qazlal_general_emergency, minmay_unequal
D:6:      layout_cave_pools, marbit_many_paths,
          minmay_temple_entry_statues_pillars
D:7:      layout_basic, uniq_crazy_yiuf_cottage, uniq_joseph

Skill      XL: |  1  2  3  4  5 |
---------------+----------------+-----
Conjurations   | 2 3 5 |  5.2
Fire Magic     | 4 5 |  5.5
Spellcasting   | 3 |  3.1
Dodging        | |  2.1
Stealth        | |  2.0

Action                     |  1- 3 |  4- 6 || total
---------------------------+-------+-------++-------
  Melee: War axe           |     3 |       ||     3
         Rapier            |     1 |     5 ||     6
         Peck              |     1 |     2 ||     3
         Kick              |       |     2 ||     2
   Cast: Foxfire           |    34 |    43 ||    77
         Scorch            |     6 |    20 ||    26
    Use: Scroll            |       |     4 ||     4
 Armour: Robe              |     2 |     3 ||     5
  Dodge: Dodged            |     2 |    18 ||    20

Table legend: (Time is in decaauts)
 A = Elapsed time spent in this place.
 B = Non-inter-level travel time spent in this place.
 C = Inter-level travel time spent in this place.
 D = Time resting spent in this place.
 E = Time spent auto-exploring this place.
 F = Levels seen in this place.
 G = Mean time per level.
                   A        B        C        D        E       F      G
               +--------+--------+--------+--------+--------+-----+--------+
         Total |   2765 |   2448 |    317 |    443 |   1496 |   6 |  460.8 |
       Dungeon |   2765 |   2448 |    317 |    443 |   1496 |   6 |  460.8 |
               +--------+--------+--------+--------+--------+-----+--------+

Top non-repeatable levels by time:
     D:1: 1085 daAuts
     D:2: 849 daAuts
     D:3: 633 daAuts
     D:7: 182 daAuts
     D:6: 9 daAuts
     D:4: 4 daAuts
